 Dungeon Crawl Stone Soup version 0.29.0-4-gdea44cf6ec (webtiles) character file.

Game seed: 1999375869369154723

589 Iusername the Chopper (level 7, -6/53 HPs)
             Began as a Human Fighter on Aug 26, 2022.
             Mangled by a two-headed ogre
             ... wielding a +0 giant club
              (21 damage)
             ... on level 5 of the Dungeon.
             The game lasted 00:06:40 (6400 turns).

Iusername the Chopper (Human Fighter)               Turns: 6400, Time: 00:07:06

Health: -6/53      AC: 13    Str: 16    XL:     7   Next: 65%
Magic:  7/7        EV:  4    Int: 11    God:
Gold:   168        SH:  5    Dex: 12    Spells: 6/6 levels left

rFire   . . .      SeeInvis .   a - +0 war axe
rCold   . . .      Faith    .   c - +0 buckler
rNeg    . . .      Spirit   .   s - +0 plate armour
rPois   .          Reflect  .   (no helmet)
rElec   .          Harm     .   (no cloak)
rCorr   .          Rampage  .   (no gloves)
Will    .....                   i - +0 pair of boots
Stlth   ..........              (no amulet)
HPRegen 0.17/turn               (no ring)
MPRegen 0.10/turn               (no ring)

@: no status effects
A: no striking features
a: no special abilities


You were on level 5 of the Dungeon.
You visited 1 branch of the dungeon, and saw 5 of its levels.

You collected 168 gold pieces.

Inventory:

Hand Weapons
 a - a +0 war axe (weapon)
Missiles
 d - 4 silver javelins (quivered)
Armour
 b - a +0 scale mail
 c - a +0 buckler (worn)
 i - a +0 pair of boots (worn)
 s - a +0 plate armour (worn)
Jewellery
 v - a +4 ring of protection
Wands
 t - a wand of paralysis (4)
Scrolls
 g - a scroll of brand weapon {unknown}
 j - 7 scrolls of identify {unknown}
 k - a scroll of enchant armour {unknown}
 l - a scroll of noise {unknown}
 m - a scroll of blinking {unknown}
 p - 2 scrolls of vulnerability {unknown}
 r - a scroll of poison {unknown}
Potions
 e - a potion of attraction {unknown}
 f - 3 potions of curing {unknown}
 h - 3 potions of haste {unknown}
 n - 2 potions of lignification {unknown}
 o - a potion of resistance {unknown}
 q - 3 potions of brilliance {unknown}
 u - a potion of cancellation {unknown}


   Skills:
 + Level 3.8 Fighting
 + Level 5.5 Axes
 + Level 0.4 Throwing
 + Level 4.8 Armour
 + Level 0.5 Dodging
 + Level 0.5 Stealth
 + Level 4.0 Shields


You had 6 spell levels left.
You didn't know any spells.
Your spell library contained the following spells:

 Spells                   Type           Power      Damage    Failure   Level
 Sandblast                Erth           0%         2d4       100%        1
 Blink                    Tloc           0%         N/A       100%        2
 Passwall                 Tmut/Erth      0%         N/A       100%        2
 Lesser Beckoning         Tloc           0%         N/A       100%        3
 Stone Arrow              Conj/Erth      0%         3d7       100%        3
 Manifold Assault         Tloc           0%         N/A       100%        5


Dungeon Overview and Level Annotations

Branches:
Dungeon (5/15)             Temple (0/1) D:5

Altars:
Elyvilon
Xom


Message History

The jelly barely misses you.
You slash the jelly!
Your hands burn!
The jelly is heavily wounded.
The jelly hits you but does no damage.
You hit the jelly.
Your hands burn!
The jelly is severely wounded.
You block the jelly's attack.
You completely miss the jelly.
The jelly is severely wounded.
The jelly hits you but does no damage. x2
You hit the jelly.
Your hands burn!
The jelly is almost dead.
The jelly hits you but does no damage.
You slash the jelly!
You kill the jelly!
No target in view!
No target in view!
You hear the rusting of a distant drain.
Found a staircase to the Ecumenical Temple.
No target in view!
v - a +4 ring of protection No target in view!
You hear the rusting of a very distant drain.
You open the large door.
There is a large open door here. 2 two-headed ogres come into view.
The two-headed ogre shouts in stereo!
You hear a shout!
There are monsters nearby!
There are monsters nearby!
The two-headed ogre barely misses you.
The two-headed ogre hits you with a +0 giant spiked club.
You block the two-headed ogre's attack. The two-headed ogre barely misses you.
You hit the two-headed ogre.
The two-headed ogre is lightly wounded.
You hit the two-headed ogre.
The two-headed ogre hits you with a +0 giant club!!
The two-headed ogre hits you with a +0 giant spiked club!
* * * LOW HITPOINT WARNING * * *
The two-headed ogre hits you with a +0 giant club!!
You die...

.........#...
≈≈≈..≈≈≈≈##........###.#
≈≈≈..≈≈≈≈≈####.###.###..
≈≈≈..≈≈≈≈≈≈###.###..##..
≈≈≈..≈≈≈≈≈≈≈##.##...##..
≈≈≈..≈≈≈≈≈≈≈≈#......#..>
≈≈≈..≈≈≈≈≈≈≈≈#.###.#....
≈≈⌠..⌠≈≈≈≈≈≈≈#.#.....##.
#.O@.....'.#....####
#.O......'.###.####.
≈⌠..⌠≈≈≈≈≈≈≈#.....#....
≈≈≈..≈≈≈≈≈≈≈≈#.##.#.....
≈≈≈..≈≈≈≈≈≈≈≈#.##...#.##
≈≈≈..≈≈≈≈≈≈≈##.####.#.##
≈≈≈..≈≈≈≈≈≈###.# #.#...
≈≈≈..≈≈≈≈≈###..####.####
..≈≈≈≈##.............


You could see 2 two-headed ogres.

Vanquished Creatures
  2 scorpions (D:4)
  A howler monkey (D:4)
  3 orc priests
  2 hounds
  A jelly (D:5)
  An orc wizard (D:4)
  5 gnolls
  6 adders
  2 worms
  5 dart slugs
  13 orcs
  6 ball pythons
  12 endoplasms
  2 giant cockroaches
  8 goblins
  3 hobgoblins
  10 jackals
  2 quokkas
  2 bats
  3 frilled lizards
  7 kobolds
  7 rats
103 creatures vanquished.

Notes
Turn   | Place    | Note
-------+----------+-------------------------------------------
     0 | D:1      | Iusername the Human Fighter began the quest for the Orb.
     0 | D:1      | Reached XP level 1. HP: 18/18 MP: 1/1
    39 | D:1      | Reached XP level 2. HP: 12/24 MP: 2/2
   484 | D:1      | Reached XP level 3. HP: 29/29 MP: 3/3
   533 | D:1      | Found a faded altar of an unknown god.
  1651 | D:2      | Reached XP level 4. HP: 34/34 MP: 4/4
  1721 | D:2      | Reached skill level 3 in Axes
  3056 | D:3      | Reached XP level 5. HP: 36/41 MP: 5/5
  3420 | D:3      | Found a white marble altar of Elyvilon.
  3602 | D:3      | Found a shimmering altar of Xom.
  3823 | D:4      | Reached XP level 6. HP: 25/47 MP: 6/6
  3824 | D:4      | Reached skill level 4 in Axes
  4456 | D:4      | Reached XP level 7. HP: 27/53 MP: 7/7
  4861 | D:4      | Reached skill level 5 in Axes
  6130 | D:5      | Entered Level 5 of the Dungeon
  6353 | D:5      | Found a staircase to the Ecumenical Temple.
  6396 | D:5      | Noticed a two-headed ogre
  6396 | D:5      | Noticed a two-headed ogre
  6400 | D:5      | Mangled by a two-headed ogre

Illustrated notes

Levels and vault maps discovered:
D:1:      tarquinn_simple_flora_water_b, layout_loops_ring,
          dreamdust_ecumenical_altar_angels_and_demons
D:2:      layout_loops_ring, feat_on_display
D:3:      layout_rooms, mainiacjoe_overflow_large_starburst, minmay_quantized
D:4:      layout_cave_pods
D:5:      kennysheep_big_flooded_room, layout_basic, lemuel_doored_altar,
          minmay_temple_entry_wispy, portal_sewer_entry_d

Skill      XL: |  1  2  3  4  5  6  7 |
---------------+----------------------+-----
Axes           | 3 4 5 |  5.5
Armour         | 4 |  4.8
Shields        | 4 |  4.0
Fighting       | |  3.8
Throwing       | |  0.4
Dodging        | |  0.5
Stealth        | |  0.5

Action                   |  1- 3 |  4- 6 |  7- 9 || total
-------------------------+-------+-------+-------++-------
Melee: War axe           |    87 |   155 |    73 ||   315
Throw: Javelin           |       |       |     8 ||     8
  Use: Potion            |       |     1 |       ||     1
Armor: Scale mail        |    37 |    56 |       ||    93
       Plate armour      |       |    73 |    56 ||   129
Dodge: Dodged            |    40 |    67 |    18 ||   125
Block: Buckler           |    28 |    40 |    23 ||    91
